 Dungeon Crawl Stone Soup version 0.28-a0-779-g3d1f99b579 (webtiles) character file.

Game seed: 16167966490389502274

872 ytrimaz the Conjurer (level 8, 0/46 HPs)
             Began as an Octopode Conjurer on Nov 2, 2021.
             Was an Initiate of Ashenzari.
             Slain by Edmund (8 damage)
             ... on level 4 of the Dungeon.
             The game lasted 00:04:53 (5725 turns).

ytrimaz the Conjurer (Octopode Conjurer)            Turns: 5725, Time: 00:04:53

Health: 0/46       AC:  1    Str:  7    XL:     8   Next: 4%
Magic:  9/16       EV: 13    Int: 22    God:    Ashenzari [......]
Gold:   178        SH:  0    Dex: 10    Spells: 15/18 levels left

rFire   . . .      SeeInvis .   t - +1 short sword (flame)
rCold   . . .      Faith    .   (no shield)
rNeg    . . .      Spirit   .   (helmet restricted)
rPois   .          Reflect  .   (no amulet)
rElec   .          Harm     .   (no ring)
rCorr   .          Rampage  .   (no ring)
Will    .....                   (no ring)
Stlth   +++.......              (no ring)
HPRegen 0.15/turn               (no ring)
MPRegen 0.15/turn               (no ring)
                                (no ring)
                                (no ring)

@: no status effects
A: almost no armour, amphibious, 8 rings, camouflage 1, gelatinous body 1,
(nimble swimmer 1), tentacles
a: Renounce Religion


You were on level 4 of the Dungeon.
You worshipped Ashenzari.
Ashenzari was noncommittal.
You visited 2 branches of the dungeon, and saw 5 of its levels.

You collected 178 gold pieces.

Inventory:

Hand Weapons
 t - a +1 short sword of flaming (weapon)
Jewellery
 j - a ring of fire
Wands
 k - a wand of acid (11)
Scrolls
 c - a scroll of fear
 f - a scroll of blinking
 h - a scroll of noise
 l - a scroll of brand weapon {unknown}
 n - a scroll of teleportation {unknown}
 o - a scroll of silence {unknown}
 q - a scroll of magic mapping {unknown}
 u - a scroll of amnesia {unknown}
Potions
 a - 2 potions of brilliance
 b - a potion of heal wounds
 d - a potion of haste {unknown}
 g - a potion of flight {unknown}
 i - 2 potions of attraction
 m - 2 potions of curing {unknown}
 p - a potion of lignification {unknown}
 r - a potion of invisibility
 s - 2 potions of degeneration {unknown}


   Skills:
 * Level 3.8 Dodging
 - Level 2.6 Stealth
 * Level 5.9 Spellcasting
 + Level 6.7 Conjurations


You had 15 spell levels left.
You knew the following spells:

 Your Spells              Type           Power      Damage    Failure   Level
a - Magic Dart            Conj           100%       1d8       1%          1
b - Searing Ray           Conj           70%        2d7       1%          2

Your spell library contained the following spells:

 Spells                   Type           Power      Damage    Failure   Level
 Dazzling Flash           Conj/Hex       42%        N/A       7%          3
 Fulminant Prism          Conj/Hex       10%        3d9       24%         4
 Iskenderun's Mystic Bla  Conj/Tloc      21%        2d6       24%         4


Dungeon Overview and Level Annotations

Branches:
Dungeon (4/15)             Temple (1/1) D:4

Altars:
Ashenzari
Cheibriados
Dithmenos
Elyvilon
Fedhas
Gozag
Hepliaklqana
Nemelex Xobeh
Okawaru
Ru
Sif Muna
Trog
Uskayaw
Vehumet
Wu Jian
Xom
The Shining One
Lugonu

Annotations:
D:4 Edmund


Innate Abilities, Weirdness & Mutations

You cannot wear most types of armour.
You are amphibious.
You can wear up to eight rings at the same time.
Your skin changes colour to match your surroundings (Stealth+).
Your rubbery body absorbs attacks. (AC +1, EV +1)
((You are camouflaged near water. (Stealth+)))
You have tentacles for arms and can constrict up to eight enemies at once.


Message History

Unknown command.
There is a fountain of clear blue water here.
You see here 23 bolts.
Key pressed, stopping explore.
Things that are here:
12 sling bullets; an adder skeleton You open the door.
Edmund the Younger comes into view.
He is wielding a +1 flail of holy wrath.
Edmund is nearby!
Edmund is nearby!
Edmund is nearby!
The magic dart hits Edmund.
Edmund is lightly wounded.
The magic dart hits Edmund.
Edmund is lightly wounded.
The magic dart hits Edmund!
Edmund is moderately wounded.
Edmund barely misses you.
Casting: Magic Dart (safe; 1% risk of failure)
Confirm with . or Enter, or press ? or * to list all spells.
Aiming: Searing Ray (safe; 1% risk of failure)
Press: ? - help, Shift-Dir - straight line, f/p - Edmund
Aim: Edmund, wielding a +1 flail of holy wrath and wearing a +0 leather armour (moderately wounded, 81% to hit)
The searing ray hits Edmund.
Edmund is heavily wounded. (Press . to maintain the ray.) Edmund drinks a potion.
Edmund flickers and vanishes!
Deactivating autopickup; reactivate with Ctrl-A.
The searing ray hits something.
Something hits you! Something hits you!
The searing ray hits something.
You finish channelling your searing ray.
Something hits you. Something hits you. Something hits you.
* * * LOW HITPOINT WARNING * * *
Something completely misses you.
Unknown command.
Something hits you!
You die...

))..#.##.#.#.# #......###...♣...♣
....#....#.#.###.......###....♣..
..†.#....#.............#.#'......
..†.'...)###.).........#..##.....
#####....# #....##+###.#_..###'##
####.# #....##.# #.######...# #.#
#....##.###.# ##_## ## #.#
#...........########## <# #.#
#....@..........(..#.# ##### #.#
###'###.#########..... ..... #.#
... #.# #.........
########.##.##. #.# #.........
.........## .. #.# #.........
########## .. #.# #.....<..⌠ ...
#.# #........8 ... .. #.........
#....###.#


There were no monsters in sight!

Vanquished Creatures
  Menkaure (D:4)
  An ogre (D:4)
  A phantom (D:4)
  A scorpion (D:4)
  A water moccasin skeleton (D:4)
  A hound (D:4)
  2 orc priests (D:4)
  5 jellies
  A centaur skeleton (D:4)
  Natasha (thrice) (D:3)
  5 adders
  A dart slug (D:1)
  3 orcs
  12 endoplasms
  2 giant cockroaches (D:1)
  8 goblins
  4 hobgoblins
  17 kobolds
  4 quokkas
  9 ball pythons
  6 bats
  A frilled lizard (D:3)
  6 rats
95 creatures vanquished.

Vanquished Creatures (others)
  3 fungi (D:3)
  A plant (D:1)
  10 toadstools (D:3)
14 creatures vanquished.

Grand Total: 109 creatures vanquished

Notes
Turn   | Place    | Note
-------+----------+-------------------------------------------
     0 | D:1      | ytrimaz the Octopode Conjurer began the quest for the Orb.
     0 | D:1      | Reached XP level 1. HP: 11/11 MP: 3/3
   347 | D:1      | Found a faded altar of an unknown god.
   400 | D:1      | Reached XP level 2. HP: 17/17 MP: 1/5
   765 | D:1      | Reached XP level 3. HP: 21/21 MP: 2/6
   831 | D:1      | Learned a level 2 spell: Searing Ray
  2576 | D:3      | Reached XP level 4. HP: 27/27 MP: 5/7
  2597 | D:3      | Noticed Natasha
  2604 | D:3      | Killed Natasha
  2605 | D:3      | Reached skill level 5 in Conjurations
  3307 | D:3      | Found an opulent altar of Gozag.
  3378 | D:3      | Noticed Natasha
  3381 | D:3      | Killed Natasha
  3382 | D:3      | Reached XP level 5. HP: 31/31 MP: 5/9
  3880 | D:3      | Reached XP level 6. HP: 23/36 MP: 0/11
  4078 | D:3      | Noticed Natasha
  4081 | D:3      | Killed Natasha
  4285 | D:4      | Reached skill level 6 in Conjurations
  4400 | D:4      | Reached XP level 7. HP: 41/41 MP: 7/13
  4456 | D:4      | Found a shimmering altar of Xom.
  4456 | D:4      | Found a shimmering altar of Xom.
  4457 | D:4      | Found a shimmering altar of Xom.
  4459 | D:4      | Found a shimmering altar of Xom.
  4490 | D:4      | Noticed Menkaure
  4499 | D:4      | Killed Menkaure
  4500 | D:4      | Reached skill level 5 in Spellcasting
  5264 | D:4      | Found an iron altar of Okawaru.
  5272 | D:4      | Found an ornate altar of the Wu Jian Council.
  5279 | D:4      | Found a radiant altar of Vehumet.
  5286 | D:4      | Found a hide-covered altar of Uskayaw.
  5294 | D:4      | Found a white marble altar of Elyvilon.
  5301 | D:4      | Found a bloodstained altar of Trog.
  5307 | D:4      | Found a sparkling altar of Nemelex Xobeh.
  5530 | D:4      | Found a staircase to the Ecumenical Temple.
  5538 | D:4      | Reached XP level 8. HP: 46/46 MP: 9/16
  5547 | Temple   | Entered the Ecumenical Temple
  5617 | Temple   | Became a worshipper of Ashenzari the Shackled
  5714 | D:4      | Noticed Edmund
  5725 | D:4      | Slain by Edmund

Illustrated notes

Levels and vault maps discovered:
D:1:      dpeg_arrival_circle_labyrinth_c, layout_rooms, serial_forest,
          infiniplex_forest_lined_3_way, infiniplex_forest_join,
          infiniplex_forest_lined_4_way, infiniplex_forest_clump_small,
          infiniplex_forest_straight_4, infiniplex_forest_join,
          infiniplex_forest_clump_double, hellmonk_ecumenical_altar_blasted,
          corexii_item_surrounded_by_moat
D:2:      layout_basic
D:3:      cheibrodos_fertilizer, layout_basic,
          mainiacjoe_overflow_surrounded_room, uniq_natasha
D:4:      layout_basic, xom_redecorated, grunt_temple_overflow_octagram,
          minmay_temple_entry_drinking_statues, serial_shops, shop, uniq_robin,
          uniq_edmund, uniq_menkaure
Temple:   corrupted_temple

Skill      XL: |  1  2  3  4  5  6  7 |
---------------+----------------------+-----
Conjurations   | 5 6 |  6.7
Spellcasting   | 3 4 5 |  5.9
Dodging        | 3 |  3.8
Stealth        | |  2.6

Action                   |  1- 3 |  4- 6 |  7- 9 || total
-------------------------+-------+-------+-------++-------
Melee: Unarmed           |    15 |     9 |     1 ||    25
       Constrict         |     5 |     1 |       ||     6
       Tentacles         |     2 |     1 |       ||     3
 Cast: Magic Dart        |    64 |    93 |    52 ||   209
       Searing Ray       |       |     3 |     6 ||     9
  Use: Scroll            |     3 |       |     4 ||     7
Armor: Skin              |     3 |     1 |     1 ||     5
Dodge: Dodged            |    11 |    13 |    27 ||    51

Table legend: (Time is in decaauts)
 A = Elapsed time spent in this place.
 B = Non-inter-level travel time spent in this place.
 C = Inter-level travel time spent in this place.
 D = Time resting spent in this place.
 E = Time spent auto-exploring this place.
 F = Levels seen in this place.
 G = Mean time per level.
                   A        B        C        D        E       F      G
               +--------+--------+--------+--------+--------+-----+--------+
         Total |   5729 |   5648 |     81 |    928 |   4149 |   5 | 1145.8 |
       Dungeon |   5645 |   5576 |     69 |    928 |   4099 |   4 | 1411.2 |
        Temple |     83 |     71 |     12 |      0 |     50 |   1 |   83.0 |
               +--------+--------+--------+--------+--------+-----+--------+

Top non-repeatable levels by time:
     D:1: 1716 daAuts
     D:3: 1622 daAuts
     D:4: 1482 daAuts
     D:2: 824 daAuts
  Temple: 83 daAuts
